 Dungeon Sprint DCSS version 0.21.1-1-g345015f (webtiles) character file.

156 Psiloshibe the Carver (level 8, -1/75 HPs)
             Began as a Barachi Berserker on June 10, 2018.
             Was a High Priest of Trog.
             Slain by a giant anaconda (13 damage)
             ... in the Dungeon (Sprint VI: "Thunderdome").
             The game lasted 00:05:28 (648 turns).

Psiloshibe the Carver (Barachi Berserker)            Turns: 648, Time: 00:05:29

Health: -1/75      AC:  7    Str: 21    XL:     8   Next: 56%
Magic:  8/8        EV: 16    Int: 12    God:    Trog [*****.]
Gold:   260        SH:  0    Dex: 18    Spells: 7/7 levels left

rFire    + + .     SeeInvis .   b - +5 great sword "Ovesipsa" {slice, rElec rPois Str-5 Stlth-}
rCold    . . .     Gourm    .   (shield currently unavailable)
rNeg     + + .     Faith    +   t - +0 scale mail
rPois    +         Spirit   .   (no helmet)
rElec    +         Reflect  .   (no cloak)
rCorr    .         Harm     .   (no gloves)
MR       +....     NoTele   +   (no boots)
Stlth    ..........             n - amulet "Nyiraw" {Faith +Fly rF++ Str+4}
HPRegen  0.22/turn              p - ring "Kapp" {rN++ MR+ Int-2 Dex+6}
MPRegen  0.11/turn              o - ring "Lics" {EV+4 Str+2 Int+6}

@: constricted, slow
A: +LOS, swims, slowness 1, strong legs 1
a: Hop, Berserk, Trog's Hand, Brothers in Arms, Burn Spellbooks, Renounce
Religion, Evoke Flight


You were in the Dungeon.
You worshipped Trog.
Trog was extremely pleased with you.
You were hungry.

You visited 1 branch You collected 440 gold pieces.
You spent 180 gold pieces at shops.

Inventory:

Hand Weapons
 a - a +0 falchion
 b - the +5 great sword "Ovesipsa" (weapon) {slice, rElec rPois Str-5 Stlth-}
   (Trog gifted it to you in the Dungeon)

   It inflicts extra damage upon your enemies.
   It affects your strength (-5).
   It insulates you from electricity.
   It protects you from poison.
   It makes you less stealthy.
 r - a cursed -1 flail
 s - a +2 vampiric trident
Armour
 t - a +0 scale mail (worn)
Jewellery
 n - the amulet "Nyiraw" (around neck) {Faith +Fly rF++ Str+4}
   (You bought it in a shop in the Dungeon)

   [amulet of faith]

   It allows you to gain divine favour quickly.
   It affects your strength (+4).
   It greatly protects you from fire.
   It lets you fly.
 o - the ring "Lics" (right hand) {EV+4 Str+2 Int+6}
   (You bought it in a shop in the Dungeon)

   [ring of evasion]

   It affects your evasion (+4).
   It affects your strength (+2).
   It affects your intelligence (+6).
 p - the ring "Kapp" (left hand) {rN++ MR+ Int-2 Dex+6}
   (You bought it in a shop in the Dungeon)

   [ring of protection from magic]

   It affects your intelligence (-2).
   It affects your dexterity (+6).
   It greatly protects you from negative energy.
   It affects your resistance to hostile enchantments.
Wands
 k - a wand of acid (5)
 l - a wand of iceblast (5)
Scrolls
 i - 4 scrolls of blinking
 m - 3 scrolls of fog
Potions
 d - a potion of curing
 e - 3 potions of heal wounds
 f - 4 potions of haste
 g - 2 potions of magic
 h - a potion of berserk rage
 j - 2 potions of resistance
Comestibles
 c - a ration


   Skills:
 + Level 11.1 Fighting
 + Level 13.4 Long Blades
 * Level 8.0 Throwing
 + Level 6.8 Armour
 + Level 7.4 Dodging
 + Level 0.1 Stealth


You had 7 spell levels left.
You didn't know any spells.

Dungeon Overview and Level Annotations

Branches:
Dungeon (1/1)

Altars:
Cheibriados
Dithmenos
Fedhas
Gozag
Kikubaaqudgha
Makhleb
Okawaru
Qazlal
Ru
Sif Muna
Trog
Uskayaw
Vehumet
Wu Jian
Xom
Yredelemnul
Zin
The Shining One
Beogh
Jiyva
Lugonu

Shops:
D *[%??*?*:[((!!!!


Innate Abilities, Weirdness & Mutations

Shadows flee at your approach. (+LOS)
You can swim through water.
You cover ground slowly.
You can hop short distances.


Message History

The giant anaconda is lightly wounded.
The giant anaconda bites you but does no damage.
The giant anaconda constricts you. The giant anaconda barely misses you.
You riposte.
You slash the giant anaconda!
The giant anaconda is lightly wounded.
The giant anaconda constricts you.
You hit the giant anaconda.
The giant anaconda is lightly wounded.
The giant anaconda barely misses you. The giant anaconda constricts you.
The giant anaconda bites you. The giant anaconda constricts you.
You miss the giant anaconda.
The giant anaconda is lightly wounded.
The giant anaconda bites you! The giant anaconda constricts you.
The giant anaconda bites you!
* * * LOW HITPOINT WARNING * * *
x2 The giant anaconda constricts you.
You feel much better. The giant anaconda bites you!
* * * LOW HITPOINT WARNING * * *
x2 The giant anaconda constricts you.
The giant anaconda bites you!
You die...

#.....# ##.....## ##∩.....∩##
#∩.......∩# #_......._#
#........_# #_......._#
###....[....### #⌠......S@...⌠#
######.8...((†)..8.######
##∩___....()###†.....___∩##
##∩........8.# #.8........∩###
.."..........###.............##
.........[###...###..........⌠#
......)..†# #.<.# #..........⌠#
.........)###..)###..........⌠#
.............###)............##


You could see a giant anaconda.

Vanquished Creatures
  A kobold demonologist (D)
  Sigmund (D)
  A steam dragon (D)
  4 sky beasts (D)
  4 big kobolds (D)
  A gnoll sergeant (D)
  4 gnolls (D)
  An adder (D)
  A leopard gecko (D)
  A goblin (D)
  A kobold (D)
  A rat (D)
21 creatures vanquished.

Notes
Turn   | Place    | Note
-------+----------+-------------------------------------------
     0 | D        | Psiloshibe the Barachi Berserker began the quest for the Orb.
     0 | D        | Reached XP level 1. HP: 18/18 MP: 1/1
     0 | D        | Found a glowing silver altar of Zin.
     0 | D        | Found a shadowy altar of Dithmenos.
     3 | D        | Found a stormy altar of Qazlal.
     3 | D        | Found an iron altar of Okawaru.
     3 | D        | Found an ornate altar of the Wu Jian Council.
     4 | D        | Found a burning altar of Makhleb.
     4 | D        | Found a glowing golden altar of the Shining One.
     5 | D        | Found Atsozeeph's Delicious Food.
     5 | D        | Found an opulent altar of Gozag.
     5 | D        | Found Tarusary's Identification Station.
     5 | D        | Found a snail-covered altar of Cheibriados.
     5 | D        | Round 1.
     6 | D        | Found Buoprose's Jewellery.
     6 | D        | Found Wopuv's Advanced Armour.
     6 | D        | Found a shimmering altar of Xom.
     6 | D        | Found a corrupted altar of Lugonu.
     6 | D        | Found a hide-covered altar of Uskayaw.
    16 | D        | Bought a pitted steel amulet for 45 gold pieces
    16 | D        | Bought a heavily runed brass ring for 45 gold pieces
    16 | D        | Bought a steaming platinum ring for 45 gold pieces
    16 | D        | Identified the ring "Kapp" {rN++ MR+ Int-2 Dex+6} (You bought it in a shop in the Dungeon)
    17 | D        | Identified the ring "Lics" {EV+4 Str+2 Int+6} (You bought it in a shop in the Dungeon)
    18 | D        | Identified the amulet of Gybe {Inacc rElec rF+ Int+3 SInv} (You bought it in a shop in the Dungeon)
    23 | D        | Bought a twitching ruby amulet for 45 gold pieces
    23 | D        | Identified the amulet "Nyiraw" {Faith +Fly rF++ Str+4} (You bought it in a shop in the Dungeon)
    30 | D        | Found Canloos's Magic Scroll Shop.
    31 | D        | Found Vyal's Staff Store.
    32 | D        | Found Nesofoar's Magic Scroll Shop.
    32 | D        | Found Beashryfa's Must-Have Magic.
    37 | D        | Found a viscous altar of Jiyva.
    38 | D        | Found a radiant altar of Vehumet.
    39 | D        | Found an ancient bone altar of Kikubaaqudgha.
    40 | D        | Found Pun Palu's Distillery.
    41 | D        | Found Putottob's Distillery.
    41 | D        | Found Buofax's Bottled Wisdom.
    41 | D        | Found a roughly hewn altar of Beogh.
    41 | D        | Found a bloodstained altar of Trog.
    41 | D        | Found a deep blue altar of Sif Muna.
    41 | D        | Found Gion's Do-It-Yourself Clinic.
    51 | D        | Reached skill level 4 in Long Blades
    56 | D        | Found a sacrificial altar of Ru.
    58 | D        | Found a basalt altar of Yredelemnul.
    58 | D        | Found Faeryphupih's Weapon Rack.
    58 | D        | Found Safur's Premium Goods.
    59 | D        | Found a blossoming altar of Fedhas.
    59 | D        | Found Meinn's Basic Armour.
    59 | D        | Found Rudivobe's Miscellaneous Merchandise.
    66 | D        | Noticed Sigmund
    79 | D        | Killed Sigmund
    79 | D        | Reached ** piety under Trog
    79 | D        | Reached skill level 8 in Long Blades
    79 | D        | Reached XP level 2. HP: 12/32 MP: 2/2
    79 | D        | Reached XP level 3. HP: 14/37 MP: 3/3
    79 | D        | Reached XP level 4. HP: 17/44 MP: 4/4
    79 | D        | Reached XP level 5. HP: 19/49 MP: 5/5
   106 | D        | Arena points: 12 (+12) [x2]
   165 | D        | Round 2.
   201 | D        | Reached *** piety under Trog
   307 | D        | Reached **** piety under Trog
   314 | D        | Arena points: 48 (+36) [x3]
   314 | D        | Reached skill level 9 in Long Blades
   314 | D        | Reached skill level 5 in Throwing
   314 | D        | Reached XP level 6. HP: 24/57 MP: 6/6
   364 | D        | Round 3.
   396 | D        | Reached skill level 10 in Long Blades
   396 | D        | Reached skill level 5 in Armour
   396 | D        | Reached skill level 5 in Dodging
   401 | D        | Noticed a kobold demonologist
   406 | D        | Noticed a neqoxec
   422 | D        | Noticed a hellwing
   423 | D        | Killed a kobold demonologist
   423 | D        | Reached ***** piety under Trog
   423 | D        | Reached skill level 10 in Fighting
   423 | D        | Reached skill level 11 in Long Blades
   423 | D        | Reached XP level 7. HP: 66/66 MP: 7/7
   445 | D        | Reached skill level 12 in Long Blades
   459 | D        | Received a gift from Trog
   459 | D        | Arena points: 132 (+84) [x4]
   463 | D        | Got a polished great sword {god gift}
   464 | D        | Identified the +5 great sword "Ovesipsa" {slice, rElec rPois Str-5 Stlth-} (Trog gifted it to you in the Dungeon)
   519 | D        | Round 4.
   544 | D        | Reached XP level 8. HP: 70/74 MP: 8/8
   569 | D        | Reached skill level 13 in Long Blades
   618 | D        | Arena points: 156 (+24) [x1]
   631 | D        | Round 5.
   636 | D        | Noticed a giant anaconda
   648 | D        | Slain by a giant anaconda

Skill      XL: |  1  2  3  4  5  6  7  8 |
---------------+-------------------------+-----
Fighting       | 7 8 10 11 | 11.1
Long Blades    | 8 9 11 12 13 | 13.4
Throwing       | 4 5 6 7 8 |  8.0
Armour         | 4 5 6 |  6.8
Dodging        | 4 6 7 |  7.4
Stealth        | |  0.1

Action                   |  1- 3 |  4- 6 |  7- 9 || total
-------------------------+-------+-------+-------++-------
Melee: Falchion          |    13 |    58 |    12 ||    83
       Great sword       |       |       |    27 ||    27
Invok: Berserk           |     1 |     1 |       ||     2
       Trog's Hand       |       |     4 |       ||     4
  Use: Potion            |       |       |     1 ||     1
  Eat: Chunk             |       |       |     2 ||     2
Armor: Animal skin       |     3 |       |       ||     3
       Scale mail        |       |     6 |    12 ||    18
Dodge: Dodged            |     5 |    58 |    35 ||    98
       Rpst.: Falchion   |     4 |    11 |     3 ||    18
       Great sword       |       |       |     6 ||     6
